AoeStats
← Stuffy

Four Lakes

507828588Analyzed
1v1 RM · 12d ago on Sep 19, 2026· 55m 46s· 2 players
Game mode
Random Map
Map size
Tiny (2 player)
Population
200
Speed
Normal
Resources
Standard
Victory
Conquest
Starting age
Dark Age
Ending age
Imperial Age
RankedLock teamsTeams togetherTeam positionsShared explorationLock speedFull tech treeHidden civsTurbo modeCheats
Victory
Defeat
🇺🇸 Spanish · United States
754
+33
🇬🇧 Romans · United Kingdom
734
-15
calamity clack
7:27 Loom
12:34 Feudal Age
13:17 Horse Collar
13:30 Double-Bit Axe
13:53 Man-at-Arms
18:52 Scale Mail Armor
22:14 Forging
30:07 Castle Age
28:45 Wheelbarrow
30:36 Gold Mining
30:38 Stone Mining
30:22 Long Swordsman
31:04 Squires
31:17 Heavy Plow
31:46 Bow Saw
34:19 Hand Cart
35:47 Chain Mail Armor
39:59 Iron Casting
39:31 Scale Barding Armor
39:33 Light Cavalry
40:15 Husbandry
40:26 Bloodlines
Stuffy
2:37 Loom
11:58 Feudal Age
12:23 Horse Collar
13:50 Double-Bit Axe
13:49 Man-at-Arms
15:49 Wheelbarrow
16:52 Fishing Lines
17:52 Arson
19:37 Forging
25:15 Castle Age
26:53 Bow Saw
26:39 Gillnets
27:39 Long Swordsman
32:28 Gold Mining
34:56 Hand Cart
36:46 Iron Casting
41:58 Imperial Age
43:51 Chemistry
43:49 Thumb Ring
43:34 Capped Ram
44:45 Conscription
44:34 Murder Holes
45:07 Ballistics
51:04 Two-Handed Swordsman
51:06 Pikeman
53:01 Squires
53:36 Halberdier
Connection lost

Rejoining the realm…

Still unreachable

The connection could not be restored.

Session expired

The server has moved on; the page needs a fresh start.